 Dungeon Crawl Stone Soup version 0.26-a0-712-ga5a9c9c9d0 (webtiles) character file.

Game seed: 3347061448417689288

1003 Azzok the Cleaver (level 8, 60/60 HPs)
             Began as a Demonspawn Berserker on Nov 5, 2020.
             Was a Priest of Trog.
             Quit the game in an ossuary.
             The game lasted 00:06:20 (5630 turns).

Azzok the Cleaver (Demonspawn Berserker)            Turns: 5630, Time: 00:06:21

Health: 60/60      AC: 17    Str: 21    XL:     8   Next: 0%
Magic:  8/8        EV:  6    Int:  8    God:    Trog [***...]
Gold:   272        SH:  5    Dex: 12    Spells: 7/7 levels left

rFire    . . .     SeeInvis .   p - +4 quarterstaff (chaos)
rCold    . . .     Faith    .   (shield currently unavailable)
rNeg     . . .     Spirit   +   m - +0 plate armour
rPois    .         Reflect  +   (no helmet)
rElec    .         Harm     .   q - +0 cloak
rCorr    .         Rampage  .   (no gloves)
MR       .....                  (no boots)
Stlth    ..........             n - amulet of reflection
HPRegen  0.20/turn              w - +4 ring of protection
MPRegen  0.11/turn              (no ring)

@: no status effects
A: hooves 2, rugged brown scales 2, powered by pain 1, magic shield
a: Berserk, Trog's Hand, Renounce Religion


You were in an ossuary.
You worshipped Trog.
Trog was most pleased with you.
You visited 1 branch of the dungeon, and saw 6 of its levels.
You also visited: Ossuary.

You collected 376 gold pieces.
You spent 104 gold pieces at shops.

Inventory:

Hand Weapons
 l - a +0 war axe
 p - a +4 quarterstaff of chaos (weapon)
Armour
 m - a +0 plate armour (worn)
 q - a +0 cloak (worn)
Jewellery
 n - an amulet of reflection (around neck)
 w - a +4 ring of protection (left hand)
Wands
 x - a wand of flame (11)
Scrolls
 b - 2 scrolls of enchant weapon {unknown}
 e - 2 scrolls of magic mapping
 f - a scroll of blinking
 i - 6 scrolls of remove curse
 j - a scroll of fog
 r - a scroll of random uselessness {unknown}
 t - 3 scrolls of teleportation
 u - a scroll of fear {unknown}
Potions
 a - 2 potions of haste
 c - a potion of stabbing
 d - a potion of magic {unknown}
 g - 2 potions of heal wounds {unknown}
 h - a potion of might {unknown}
 k - 3 potions of degeneration {unknown}
 o - 3 potions of flight {unknown}
 s - a potion of curing {unknown}
 z - a potion of brilliance {unknown}


   Skills:
 - Level 3.0 Fighting
 + Level 9.0 Axes
 - Level 1.7 Armour
 - Level 1.7 Dodging


You had 7 spell levels left.
You didn't know any spells.
Your spell library was empty.

Dungeon Overview and Level Annotations

Branches:
Dungeon (6/15)             Temple (0/1) D:6         Ossuary (1/1)

Altars:
Ashenzari
Gozag
Sif Muna
Zin

Shops:
D:4 *}[


Innate Abilities, Weirdness & Mutations

You have hoof-like feet.
You are mostly covered in rugged brown scales. (AC +2, +5% HP)
You sometimes gain a little power by taking damage.
When hurt, damage is shared between your health and your magic reserves.


Message History

You block the quokka zombie's attack. The adder zombie closely misses you.
You hit the quokka zombie.
The quokka zombie flickers and vanishes!
Deactivating autopickup; reactivate with Ctrl-A.
Your kick misses something. Something bites you but does no damage.
The adder zombie barely misses you.
You sock something! Trog accepts your kill.
Reactivating autopickup.
You feel a bit more experienced.
The adder zombie bites you but does no damage. x2
The adder zombie closely misses you.
You sock the adder zombie!
The adder zombie is heavily damaged.
You block the adder zombie's attack.
You sock the adder zombie!
You destroy the adder zombie!
Trog accepts your kill.
Okay, then.
Are you sure you want to abandon this character and quit the game? (Confirm with "yes".)

▒▒▒ ▒▒▒ ▒▒▒
▒▒·▒▒▒·▒▒▒·▒▒▒▒▒▒▒
·············▒^^^▒
·············'^∩^▒
·············▒^^^▒
▒▒·▒▒▒·▒▒▒·▒▒▒▒'▒▒
▒▒▒ ▒▒▒ ▒▒▒ ▒···▒
▒··@▒ ▒·····▒
▒▒···▒▒ ▒···▒
▒···▒ ····· ▒▒···▒
▒···▒


There were no monsters in sight!

Vanquished Creatures
  2 centaurs (D:5)
  2 ogres
  A hound (D:4)
  A jelly (D:5)
  Crazy Yiuf (D:3)
  2 orc priests (D:5)
  An iguana (D:5)
  An orc wizard (D:5)
  6 worker ants
  A hound skeleton (D:5)
  2 mummies (Ossuary)
  A howler monkey skeleton (D:4)
  7 adders
  8 gnolls
  A shadow imp (D:5)
  An adder zombie (Ossuary)
  4 worms
  3 dart slugs
  3 leopard geckos (D:4)
  10 orcs
  3 giant cockroaches
  7 goblins
  5 hobgoblins
  11 jackals
  3 kobolds
  3 quokkas
  2 ball pythons
  4 bats
  4 frilled lizards
  2 goblin zombies (Ossuary)
  2 hobgoblin zombies (Ossuary)
  A kobold zombie (Ossuary)
  2 quokka zombies (Ossuary)
  3 rats
  2 rat zombies (Ossuary)
112 creatures vanquished.

Notes
Turn   | Place    | Note
-------+----------+-------------------------------------------
     0 | D:1      | Azzok the Demonspawn Berserker began the quest for the Orb.
     0 | D:1      | Reached XP level 1. HP: 18/18 MP: 1/1
   117 | D:1      | Reached skill level 3 in Axes
   362 | D:1      | You fall into a shaft and drop 1 floor!
   445 | D:2      | Gained mutation: You are partially covered in rugged brown
                  | scales. (AC +1, +3% HP) [demonic ancestry]
   445 | D:2      | Reached XP level 2. HP: 15/24 MP: 2/2
   842 | D:2      | Gained mutation: You have large cloven feet. [demonic
                  | ancestry]
   842 | D:2      | Reached XP level 3. HP: 17/29 MP: 3/3
  1151 | D:1      | Reached skill level 4 in Axes
  1737 | D:3      | Reached ** piety under Trog
  1990 | D:3      | Gained mutation: You are mostly covered in rugged brown
                  | scales. (AC +2, +5% HP) [demonic ancestry]
  1990 | D:3      | Reached XP level 4. HP: 24/36 MP: 4/4
  2211 | D:3      | Reached skill level 5 in Axes
  2474 | D:3      | Gained mutation: You have hoof-like feet. [demonic
                  | ancestry]
  2474 | D:3      | Reached XP level 5. HP: 38/43 MP: 5/5
  2844 | D:3      | Found a runed translucent door.
  2845 | D:3      | Noticed Crazy Yiuf
  2850 | D:3      | Killed Crazy Yiuf
  2910 | D:4      | Noticed an ogre
  2915 | D:4      | Killed an ogre
  2915 | D:4      | Reached skill level 6 in Axes
  2915 | D:4      | Gained mutation: When hurt, damage is shared between your
                  | health and your magic reserves. [demonic ancestry]
  2915 | D:4      | Reached XP level 6. HP: 34/49 MP: 6/6
  3150 | D:4      | Found a glowing silver altar of Zin.
  3150 | D:4      | Found an opulent altar of Gozag.
  3286 | D:4      | Found Zaimyaph's General Store.
  3293 | D:4      | Bought a scroll of identify for 26 gold pieces
  3293 | D:4      | Bought a scroll of teleportation for 39 gold pieces
  3293 | D:4      | Bought a scroll of teleportation for 39 gold pieces
  3317 | D:4      | Found Heq Keisk's Gadget Boutique.
  3503 | D:4      | Found Wor Toag's Armour Shoppe.
  4266 | D:5      | Entered Level 5 of the Dungeon
  4304 | D:5      | Reached skill level 7 in Axes
  4306 | D:5      | Reached XP level 7. HP: 54/54 MP: 5/7
  4600 | D:5      | Reached skill level 8 in Axes
  4692 | D:5      | Reached *** piety under Trog
  4834 | D:5      | Found a broken altar of Ashenzari.
  4887 | D:5      | Found a shimmering blue altar of Sif Muna.
  5415 | D:6      | Found a sand-covered staircase.
  5421 | Ossuary  | Entered an ossuary
  5619 | Ossuary  | Gained mutation: You sometimes gain a little power by
                  | taking damage. [demonic ancestry]
  5619 | Ossuary  | Reached XP level 8. HP: 59/60 MP: 8/8
  5621 | Ossuary  | Reached skill level 9 in Axes
  5630 | Ossuary  | Quit the game

Illustrated notes

Levels and vault maps discovered:
D:1:      minmay_arrival_four_circles, layout_loops_ring, serial_park_tiny_pond
D:2:      layout_basic, minmay_misc_feat_tower
D:3:      layout_basic, mrwooster_statue_mirror, uniq_crazy_yiuf_cottage
D:4:      layout_basic, grunt_temple_overflow_gold_and_silver, serial_shops,
          nicolae_shop_window_shopping, shop, shop
D:5:      layout_basic, nicolae_ashenzari_panopticon, led_sif_book
D:6:      layout_loops_ring, marbit_many_paths, minmay_temple_entry_ruins,
          nicolae_ossuary_entry_monument, serial_glass, glass_columns_a,
          glass_columns_b, glass_columns_a, glass_columns_a, glass_columns_c,
          glass_columns_b, kennysheep_generic_room_8, uniq_menkaure
Ossuary:  ossuary_minmay_chase

Skill      XL: |  1  2  3  4  5  6  7  8 |
---------------+-------------------------+-----
Axes           | 3 4 5 6 7 8 9 |  9.0
Fighting       | |  3.0
Armour         | |  1.7
Dodging        | |  1.7

Action                   |  1- 3 |  4- 6 |  7- 9 || total
-------------------------+-------+-------+-------++-------
Melee: Hand axe          |    90 |     2 |       ||    92
       Kick              |    12 |    21 |    12 ||    45
       War axe           |       |    61 |       ||    61
       Quarterstaff      |       |    55 |    82 ||   137
Invok: Berserk           |     3 |     3 |     2 ||     8
  Use: Scroll            |       |     6 |     2 ||     8
 Stab: Sleeping          |     3 |       |       ||     3
Armor: Animal skin       |    20 |     2 |       ||    22
       Ring mail         |       |    53 |    39 ||    92
       Plate armour      |       |       |    21 ||    21
       Chain mail        |       |       |     9 ||     9
Dodge: Dodged            |    63 |    71 |    38 ||   172
Block: Other             |       |    15 |    35 ||    50
       Reflection        |       |       |     2 ||     2

Table legend: (Time is in decaauts)
 A = Elapsed time spent in this place.
 B = Non-inter-level travel time spent in this place.
 C = Inter-level travel time spent in this place.
 D = Time resting spent in this place.
 E = Time spent auto-exploring this place.
 F = Levels seen in this place.
 G = Mean time per level.
                   A        B        C        D        E       F      G
               +--------+--------+--------+--------+--------+-----+--------+
         Total |   5758 |   5546 |    212 |    269 |   4445 |   7 |  822.6 |
       Dungeon |   5534 |   5322 |    212 |    115 |   4433 |   6 |  922.3 |
       Ossuary |    224 |    224 |      0 |    153 |     12 |   1 |  224.0 |
               +--------+--------+--------+--------+--------+-----+--------+

Top non-repeatable levels by time:
     D:4: 1373 daAuts
     D:3: 1234 daAuts
     D:5: 1173 daAuts
     D:1: 1013 daAuts
     D:2: 724 daAuts
 Ossuary: 224 daAuts
     D:6: 16 daAuts
